 Dungeon Crawl Stone Soup version 0.24.0-13-gcf9b319 (webtiles) character file.

Game seed: 7731134807361269207, levelgen mode: deterministic

373 Balder the Cudgeler (level 6, -2/38 HPs)
             Began as a Tengu Berserker on Apr 19, 2020.
             Was a Priest of Trog.
             Killed by divine providence
             ... invoked by an orc priest
              (13 damage)
             ... on level 4 of the Dungeon.
             The game lasted 00:16:19 (4090 turns).

Balder the Cudgeler (Tengu Berserker)               Turns: 4090, Time: 00:16:19

Health: -2/38      AC: 10    Str: 17    XL:     6   Next: 71%
Magic:  7/7        EV:  8    Int:  8    God:    Trog [***...]
Gold:   65         SH:  0    Dex: 15    Spells: 5/5 levels left

rFire    . . .     SeeInvis .   a - +0 mace
rCold    . . .     Gourm    .   (no shield)
rNeg     . . .     Faith    .   h - +0 chain mail
rPois    .         Spirit   .   (helmet restricted)
rElec    .         Reflect  .   n - +0 cloak
rCorr    .         Harm     .   (no gloves)
MR       ++...                  (boots unavailable)
Stlth    ..........             (no amulet)
HPRegen  1.12/turn              (no ring)
MPRegen  0.10/turn              (no ring)

@: regenerating, drained
A: beak, talons 3, able to fly
a: Fly, Berserk, Trog's Hand, Renounce Religion


You were on level 4 of the Dungeon.
You worshipped Trog.
Trog was most pleased with you.
You were not hungry.

You visited 1 branch of the dungeon, and saw 4 of its levels.

You collected 65 gold pieces.

Inventory:

Hand Weapons
 a - a +0 mace (weapon)
 b - a +1 dagger of venom
 f - a +2 vampiric short sword
Missiles
 q - 3 javelins
 s - 21 poisoned darts
 y - 4 boomerangs (quivered)
Armour
 g - a +0 animal skin
 h - a +0 chain mail (worn)
 n - a +0 cloak (worn)
Wands
 m - a wand of iceblast (4)
 o - a wand of acid (4)
 u - a wand of polymorph (6)
Scrolls
 d - 4 scrolls of identify {unknown}
 e - a scroll of blinking
 k - a scroll of remove curse
 p - 2 scrolls of amnesia {unknown}
 r - a scroll of immolation {unknown}
 t - a scroll of enchant armour {unknown}
 v - a scroll of magic mapping {unknown}
 z - a scroll of teleportation {unknown}
 A - a scroll of random uselessness {unknown}
Potions
 i - a potion of degeneration {unknown}
 j - a potion of might {unknown}
 l - a potion of curing
 w - 2 potions of lignification {unknown}
Comestibles
 c - 5 rations
 x - 2 chunks of flesh


   Skills:
 * Level 4.1(3.3) Fighting
 + Level 0.3(0.0) Short Blades
 * Level 5.3(4.5) Maces & Flails
 * Level 0.9(0.2) Throwing
 * Level 3.6(2.8) Armour
 * Level 3.0(2.2) Dodging
 * Level 2.4(1.6) Stealth
 * Level 0.4(0.0) Evocations


You had 5 spell levels left.
You didn't know any spells.
Your spell library was empty.

Dungeon Overview and Level Annotations

Branches:
Dungeon (4/15)
 Temple: D:4-7

Altars:
Gozag
Nemelex Xobeh


Innate Abilities, Weirdness & Mutations

You have a beak for a mouth.
You have claws for feet.
You can fly continuously.


Message History

The orc priest casts a cantrip, but nothing happens.
You hit the orc priest but do no damage.
You claw the orc priest.
The orc priest is moderately wounded.
The orc priest invokes the aid of Beogh against you.
Beogh smites you!
The orc priest hits you but does no damage.
An ogre comes into view. It is wielding a +0 giant club.
You hit the orc priest. You peck the orc priest.
The orc priest is severely wounded.
The orc priest barely misses you.
The orc priest mumbles some strange prayers to Beogh against you.
Beogh smites you!
* * * LOW HITPOINT WARNING * * *
You closely miss the orc priest. Your kick misses the orc priest.
Your peck misses the orc priest.
The orc priest is severely wounded.
The orc priest mumbles some strange prayers to Beogh against you.
Beogh smites you!
You die...

##### ### ###.... ..# ###
....... #.# #.. .......
#.# #.# ....... #.# #.#
....... #.# #.#
......o##.#############.#
......oo@...............#
....O.o##....####.......#
.....## #....# #..>....#
.########'''#############
#######...#######
##§°§##...#§.○°○#
#§§☼.§#.≈.#☼○☼§○#
#§§§°§#...#§§○°§# ##
#§§§§§#...#§§☼☼°# ..


You could see an ogre, 3 orc priests and an orc.

Vanquished Creatures
  Ijyb (D:3)
  2 orc wizards (D:2)
  Natasha (thrice) (D:3)
  Robin (D:3)
  9 adders
  3 oozes
  2 worms
  4 dart slugs
  13 orcs
  2 giant cockroaches (D:3)
  7 hobgoblins
  3 jackals (D:2)
  9 kobolds
  A quokka (D:3)
  8 bats
  6 frilled lizards
  15 goblins
  9 rats
98 creatures vanquished.

Vanquished Creatures (others)
  4 toadstools (D:1)
4 creatures vanquished.

Grand Total: 102 creatures vanquished

Notes
Turn   | Place    | Note
-------+----------+-------------------------------------------
     0 | D:1      | Balder the Tengu Berserker began the quest for the Orb.
     0 | D:1      | Reached XP level 1. HP: 14/14 MP: 2/2
   214 | D:1      | Reached XP level 2. HP: 19/19 MP: 3/3
   664 | D:1      | Reached XP level 3. HP: 22/23 MP: 4/4
   875 | D:1      | Reached ** piety under Trog
  1123 | D:2      | Reached skill level 4 in Maces & Flails
  1258 | D:2      | Reached skill level 1 in Stealth
  1266 | D:2      | Reached XP level 4. HP: 8/28 MP: 5/5
  1699 | D:2      | Gained mutation: You can fly continuously. [Tengu growth]
  1699 | D:2      | Reached XP level 5. HP: 12/33 MP: 6/6
  2230 | D:2      | Reached skill level 5 in Maces & Flails
  2343 | D:2      | Found an opulent altar of Gozag.
  2981 | D:3      | Noticed Natasha
  2988 | D:3      | Killed Natasha
  2988 | D:3      | Reached XP level 6. HP: 20/38 MP: 7/7
  3032 | D:3      | Reached *** piety under Trog
  3040 | D:3      | HP: 1/38 [orc/+0 trident (5)]
  3365 | D:3      | Noticed Robin
  3374 | D:3      | Killed Robin
  3766 | D:3      | Noticed Ijyb
  3770 | D:3      | Killed Ijyb
  3799 | D:3      | Noticed Natasha
  3815 | D:3      | Killed Natasha
  3824 | D:3      | Noticed Natasha
  3834 | D:3      | Killed Natasha
  4067 | D:4      | Found a sparkling altar of Nemelex Xobeh.
  4090 | D:4      | Killed from afar by an orc priest

Levels and vault maps discovered:
D:1:      ldierk_water_garden, layout_basic, serial_corexii_hall,
          corexii_hall_statues_u, corexii_hall_statues_s, roderic_lattice_a,
          lemuel_another_geyser
D:2:      layout_loops_ring, lemuel_coloured_pillars_altar
D:3:      layout_basic, uniq_robin, uniq_natasha, uniq_ijyb
D:4:      layout_basic, nemelex_altar_shiori, serial_corexii_hall,
          corexii_hall_statues_t, corexii_hall_statues_l, first_ration,
          cheibrodos_sewer_entry_sluice

Skill      XL: |  1  2  3  4  5  6 |
---------------+-------------------+-----
Maces & Flails | 4 5 |  5.3
Stealth        | 1 2 |  2.4
Fighting       | 4 |  4.1
Armour         | 3 |  3.6
Dodging        | 3 |  3.0
Short Blades   | |  0.3
Throwing       | |  0.9
Evocations     | |  0.4

Action                   |  1- 3 |  4- 6 || total
-------------------------+-------+-------++-------
Melee: Mace              |    60 |   177 ||   237
       Kick              |    14 |    51 ||    65
       Peck              |     5 |    30 ||    35
       Dagger            |       |    23 ||    23
Throw: Dart              |       |    29 ||    29
       Boomerang         |       |     4 ||     4
Invok: Trog's Hand       |       |     2 ||     2
Evoke: Wand              |       |     2 ||     2
  Use: Potion            |     2 |       ||     2
       Scroll            |       |     2 ||     2
 Stab: Sleeping          |     3 |       ||     3
  Eat: Chunk             |     1 |     3 ||     4
       Ration            |       |     2 ||     2
Armor: Animal skin       |     6 |     5 ||    11
       Chain mail        |       |    96 ||    96
Dodge: Dodged            |    24 |    90 ||   114
